 Dungeon Crawl Stone Soup version 0.22.1-2-g9c5b331 (webtiles) character file.

406 JustSomeDude the Slasher (level 6, -4/48 HPs)
             Began as a Demonspawn Monk on Dec 13, 2018.
             Killed from afar by an orc wizard (6 damage)
             ... with a magic dart
             ... on level 4 of the Dungeon on Dec 28, 2018.
             The game lasted 00:20:45 (3820 turns).

JustSomeDude the Slasher (Demonspawn Monk)          Turns: 3820, Time: 00:20:46

Health: -4/48      AC:  6    Str: 12    XL:     6   Next: 56%
Magic:  6/6        EV: 14    Int: 11    God:
Gold:   118        SH:  0    Dex: 20    Spells: 5/5 levels left

rFire    . . .     SeeInvis .   a - +0 falchion
rCold    + . .     Gourm    .   (no shield)
rNeg     . . .     Faith    .   f - +0 leather armour
rPois    .         Spirit   .   (helmet restricted)
rElec    .         Reflect  .   (no cloak)
rCorr    .         Harm     .   (no gloves)
MR       .....                  (no boots)
Stlth    ++........             (no amulet)
HPRegen  0.16/turn              h - +3 ring of dexterity
MPRegen  0.10/turn              (no ring)

@: hasted, very quick
A: beak, hooves 2, icy blue scales 2, blurry vision 1, cold resistance 1,
MP-powered wands
a: no special abilities


You were on level 4 of the Dungeon.
You were near starving.

You visited 1 branch of the dungeon, and saw 5 of its levels.

You collected 118 gold pieces.

Inventory:

Hand Weapons
 a - a +0 falchion (weapon)
 i - a +0 blowgun
Missiles
 j - 53 poisoned needles
Armour
 b - a +0 robe
 e - a +1 helmet
 f - a +0 leather armour (worn)
Jewellery
 h - a +3 ring of dexterity (left hand)
 l - an uncursed ring of protection from cold {unknown}
 o - an uncursed ring of poison resistance {unknown}
Scrolls
 d - 2 scrolls of identify {unknown}
 g - a scroll of teleportation
 m - a scroll of blinking {unknown}
 n - 4 scrolls of remove curse {unknown}
 q - 3 scrolls of enchant weapon {unknown}
Potions
 k - a potion of curing {unknown}
 p - a potion of brilliance {unknown}
 r - a potion of flight {unknown}
Comestibles
 c - 6 rations


   Skills:
 + Level 4.1 Fighting
 + Level 4.8 Long Blades
 + Level 0.5 Throwing
 + Level 2.0 Armour
 + Level 3.8 Dodging
 + Level 2.3 Stealth


You had 5 spell levels left.
You didn't know any spells.
Your spell library was empty.

Dungeon Overview and Level Annotations

Branches:
Dungeon (5/15)
 Temple: D:4-7

Altars:
Ashenzari
Cheibriados
Elyvilon
Gozag
Kikubaaqudgha
Vehumet
Wu Jian
The Shining One

Annotations:
D:3 3 runed doors, Harpaggios's ghost, amateur GnTm


Innate Abilities, Weirdness & Mutations

You have hoof-like feet.
You are mostly covered in icy blue scales. (AC +3)
Your flesh is cold resistant. (rC+)
You have a beak for a mouth.
Scrolls take you a little longer to read.
You expend magic power (3 MP) to strengthen your wands.


Message History

You feel less confused.
A bullfrog zombie comes into view.
The orc priest invokes the aid of Beogh against you.
Beogh smites you!
The orc priest invokes the aid of Beogh against you.
Beogh smites you!
* * * LOW HITPOINT WARNING * * *
It was a potion of haste.
You feel yourself speed up.
The crimson imp blinks!
There is a stone staircase leading up here.
Something hits you.
* * * LOW HITPOINT WARNING * * *
The leopard gecko zombie bites you but does no damage.
You climb upwards.
There is a stone staircase leading down here.
Something hits you but does no damage.
You start resting.
You hear some strange, mumbled words.
A magic dart appears from out of thin air!
The magic dart hits you!
You die...

#.#.# #).....# #....#....
#.#.# #..[...# #....#....
###'#'######......#
#....##...
#..........#......####
#.....'...
'..........#.........#
##'####...
#..........#.........# #)#
#... #..........#.........#
#.# #...
+..........#.........# #.#
#...
#..........#....@....####.#
#...
+..........#....>.........#
#...
#..........#......#########
#... '..........########
#... #....).....# #...
############ #### # # #


There were no monsters in sight!

Vanquished Creatures
  A scorpion (D:4)
  A howler monkey (D:4)
  A worker ant (D:3)
  3 orc wizards (D:4)
  8 adders
  3 gnolls (D:3)
  An ooze (D:1)
  2 worms (D:2)
  3 dart slugs
  5 leopard geckos
  11 orcs
  10 bats
  3 giant cockroaches
  12 goblins
  7 hobgoblins
  6 jackals
  5 kobolds
  A quokka (D:4)
  A ball python (D:3)
  5 frilled lizards
  6 rats
95 creatures vanquished.

Notes
Turn   | Place    | Note
-------+----------+-------------------------------------------
     0 | D:1      | JustSomeDude the Demonspawn Monk began the quest for the
                  | Orb.
     0 | D:1      | Reached XP level 1. HP: 18/18 MP: 1/1
   274 | D:1      | Gained mutation: You are partially covered in icy blue
                  | scales. (AC +2) [demonic ancestry]
   274 | D:1      | Reached XP level 2. HP: 20/24 MP: 2/2
   505 | D:1      | Reached XP level 3. HP: 27/29 MP: 3/3
  1281 | D:2      | Gained mutation: You are mostly covered in icy blue scales.
                  | (AC +3) [demonic ancestry]
  1281 | D:2      | Reached XP level 4. HP: 35/35 MP: 4/4
  1596 | D:2      | Reached skill level 1 in Armour
  2235 | D:3      | Found a runed gate.
  2238 | D:3      | Found a runed gate.
  2238 | D:3      | Found an opulent altar of Gozag.
  2240 | D:3      | Found a runed gate.
  2269 | D:3      | Noticed Harpaggios's ghost (amateur GnTm)
  2465 | D:3      | Gained mutation: You have large cloven feet. [demonic
                  | ancestry]
  2465 | D:3      | Reached XP level 5. HP: 40/42 MP: 5/5
  2823 | D:4      | Gained mutation: You are clumsy. (Dex -2) [potion of
                  | mutation]
  2823 | D:4      | Lost mutation: You are clumsy. (Dex -2) [potion of
                  | mutation]
  2823 | D:4      | Gained mutation: You passively map a small area around you.
                  | [potion of mutation]
  2824 | D:4      | Lost mutation: You passively map a small area around you.
                  | [potion of mutation]
  2824 | D:4      | Gained mutation: Scrolls take you a little longer to read.
                  | [potion of mutation]
  2824 | D:4      | Gained mutation: You expend magic power (3 MP) to
                  | strengthen your wands. [potion of mutation]
  2824 | D:4      | Gained mutation: You have hoof-like feet. [potion of
                  | mutation]
  2824 | D:4      | Gained mutation: You have a beak for a mouth. [potion of
                  | mutation]
  2837 | D:4      | Gained mutation: Your flesh is cold resistant. (rC+)
                  | [demonic ancestry]
  2837 | D:4      | Reached XP level 6. HP: 27/48 MP: 6/6
  3800 | D:5      | Entered Level 5 of the Dungeon
  3800 | D:5      | Found a glowing golden altar of the Shining One.
  3800 | D:5      | Found an ancient bone altar of Kikubaaqudgha.
  3801 | D:5      | Found a snail-covered altar of Cheibriados.
  3801 | D:5      | Found a radiant altar of Vehumet.
  3803 | D:5      | Found a white marble altar of Elyvilon.
  3804 | D:5      | Found an ornate altar of the Wu Jian Council.
  3804 | D:5      | Found a shattered altar of Ashenzari.
  3816 | D:5      | HP: 1/48 [something (5)]
  3820 | D:4      | Killed from afar by an orc wizard

Skill      XL: |  1  2  3  4  5  6 |
---------------+-------------------+-----
Dodging        | 3 |  3.8
Long Blades    | 3 4 |  4.8
Stealth        | 2 |  2.3
Armour         | 1 2 |  2.0
Fighting       | 4 |  4.1
Throwing       | |  0.5

Action                   |  1- 3 |  4- 6 || total
-------------------------+-------+-------++-------
Melee: Falchion          |   110 |   234 ||   344
       Kick              |       |    40 ||    40
       Peck              |       |    18 ||    18
 Fire: Blowgun           |     3 |     5 ||     8
  Use: Potion            |       |     3 ||     3
       Scroll            |       |     1 ||     1
 Stab: Sleeping          |     2 |     3 ||     5
  Eat: Chunk             |     1 |     7 ||     8
Armor: Robe              |    12 |       ||    12
       Leather armour    |    33 |    60 ||    93
Dodge: Dodged            |    88 |   155 ||   243
       Rpst.: Falchion   |    34 |    54 ||    88
